 Dungeon Crawl Stone Soup version 0.02-1-gc4eb60e977 (webtiles) character file.

Game seed: 1947032937363253953, levelgen mode: deterministic

177 Lanoc the Insei (level 5, -5/44 HPs) Immature Draconian Transmuter. Began on Aug 2, 2020. Splashed by a jelly's acid (7 damage) ... on level 2 of the Dungeon. The game lasted 00:04:10 (1186 turns).

Lanoc the Insei (Immature Draconian Transmuter)     Turns: 1186, Time: 00:04:10

Health: -5/44      AC: -14   Str: 12    XL:     5 ^: 127
Magic:  8/9        EV: 13    Int: 13    God:
Gold:   76         SH:  0    Dex: 13    Spells: 8/9 levels left

rFire    . . .     Vision   .     - Unarmed
rCold    . . .     Gourm    .     - Unarmed
rNeg     . . .     Faith    .   (armour unavailable)
rPois    .         Spirit   .   (helmet restricted)
rElec    .         Reflect  .   (no cloak)
rCorr    .         Harm     .   c - +0 pair of clawed gauntlets
MR       .....                  (boots currently unavailable)
Stlth    +.........             (no amulet)
HPRegen  0.24/turn              (no ring)
MPRegen  0.19/turn              (no ring)

@: appendage, corroded
A: no body armour, unfitting armour, talons 3, cold-blooded, AC +6
a: Breathe Dart, End Transformation


You were on level 2 of the Dungeon.
You were not hungry.
You had grown temporary talons.
You visited 1 branch of the dungeon, and saw 2 of its levels.

You collected 76 gold pieces.

Inventory:

Shields
 e - a +0 targe
Armour
 c - a +0 pair of clawed gauntlets (worn)
Scrolls
 h - a scroll of amnesia
Potions
 a - a potion of resistance
 d - a potion of magic
 f - a potion of ambrosia
 g - a potion of curing
Comestibles
 b - 4 rations
 i - a chunk of flesh


   Skills:
 + Level 2.9 Fighting
 + Level 2.4 Dodging
 * Level 4.1 Unarmed Combat
 - Level 2.6 Spellcasting
 + Level 2.4 Transmutations


You had 8 spell levels left.
You knew the following spells:

 Your Spells              Type           Power        Failure   Level  Hunger
a - Beastly Appendage     Tmut           8 (50)       9%          1    #......

Your spell library contained the following spells:

 Spells                   Type           Power        Failure   Level  Hunger
 Sticks to Snakes         Tmut           8 (100)      13%         2    ###....
 Snakes to Sticks         Hex/Tmut       4 (100)      41%         3    ###....
 Spider Form              Tmut/Pois      4 (200)      41%         3    ###....
 Ice Form                 Ice/Tmut       4 (100)      82%         4    #####..
 Blade Hands              Tmut           8 (200)      94%         5    ######.


Dungeon Overview and Level Annotations

Branches:
Dungeon (2/8)

Altars:


Innate Abilities, Weirdness & Mutations

You cannot fit into any form of body armour.
Your plain brown scales are hard. (AC +6)
You can breathe rudimentary magical darts.
You are cold-blooded and may be slowed by cold attacks.
You have claws for feet.


Message History

* * * LOW HITPOINT WARNING * * *
The jelly is severely wounded. (6/17) HP You scratch the jelly but do no damage.
Your claws burn!
* * * LOW HITPOINT WARNING * * *
You tail-slap the jelly (2).
The jelly is severely wounded. (4/17) HP
Casting: Beastly Appendage (safe; 9% risk of failure)
Confirm with . or Enter, or press ? or * to list all spells.
Your feet morph into talons.
The jelly closely misses you (0).
Unknown command.
You scratch the jelly (1).
Your claws burn!
* * * LOW HITPOINT WARNING * * *
The jelly is almost dead. (3/17) HP You scratch the jelly but do no damage.
Your claws burn!
* * * LOW HITPOINT WARNING * * *
The jelly is almost dead. (3/17) HP The jelly hits you (3).
* * * LOW HITPOINT WARNING * * *
The acid corrodes you!
You are splashed with acid (7)!
You die...

#≈..#≈###≈..≈#######†...≈;
###≈..≈≈##≈...≈≈≈.#...≈.≈P
#P#..#P..##########≈.##≈P≈
#P..###.≈.≈## #...#PP≈
#PP≈≈###≈#..# #≈....P≈
###### ##≈≈≈+ +.##..P≈
##..# #####.≈≈ #≈†≈#
#..##≈.≈ #@≈## ####).≈#.≈≈
#≈≈J#..≈##.<÷...$.≈≈
#..P...##.......#..;
#≈≈##P###≈.≈.≈..≈.≈≈≈ ###
## ##.≈#≈...#≈;≈
####..?...≈; ##...#..P
##..#.≈≈ #≈.#..P


You could see a jelly.

Vanquished Creatures
  A big kobold (D:1)
  5 cinder newts
  A worm (D:2)
  An ooze (D:2)
  7 leopard geckos
  2 ball pythons (D:2)
  5 bats
  3 giant cockroaches (D:1)
  8 goblins (D:1)
  4 hobgoblins (D:1)
  11 kobolds
  6 rats (D:1)
54 creatures vanquished.

Vanquished Creatures (others)
  4 kobolds (D:2)
  50 withered plants (D:2)
54 creatures vanquished.

Grand Total: 108 creatures vanquished

Notes
Turn   | Place    | Note
-------+----------+-------------------------------------------
     0 | D:1      | Lanoc the Immature Draconian Transmuter began the quest for
                  | the Orb.
     0 | D:1      | Reached XP level 1. HP: 16/16 MP: 4/4
   109 | D:1      | Reached XP level 2. HP: 19/23 MP: 5/5
   119 | D:1      | Reached skill level 3 in Unarmed Combat
   236 | D:1      | Reached XP level 3. HP: 27/29 MP: 7/7
   794 | D:2      | Noticed a big kobold
   946 | D:2      | Reached XP level 4. HP: 17/36 MP: 8/8
   978 | D:2      | Noticed a big kobold
  1047 | D:1      | Killed a big kobold
  1047 | D:1      | Reached skill level 4 in Unarmed Combat
  1047 | D:1      | Reached XP level 5. HP: 18/44 MP: 9/9
  1186 | D:2      | HP: 2/44 [jelly (3)]
  1186 | D:2      | Splashed by a jelly's acid

Levels and vault maps discovered:
D:1:      mrwooster_arrival_statue_2, layout_basic
D:2:      layout_sewer, serial_shops, kennysheep_little_box

Skill      XL: |  1  2  3  4 |
---------------+-------------+-----
Unarmed Combat | 3 4 |  4.1
Fighting       | 2 |  2.9
Transmutations | 2 |  2.4
Dodging        | 2 |  2.4
Spellcasting   | |  2.6

Action                   |  1- 3 |  4- 6 || total
-------------------------+-------+-------++-------
Melee: Unarmed           |   190 |   112 ||   302
       Tailslap          |     5 |     8 ||    13
       Headbutt          |     3 |       ||     3
 Cast: Beastly Appendage |     6 |     1 ||     7
 Abil: Breathe Dart      |       |     1 ||     1
 Stab: Sleeping          |     1 |       ||     1
  Eat: Chunk             |       |     2 ||     2
Armor: Skin              |    17 |    11 ||    28
Dodge: Dodged            |    67 |    20 ||    87
